 Dungeon Crawl Stone Soup version 0.25.1-8-g42b30a86e7 (webtiles) character file.

Game seed: 13746267561146716375

83 gruber the Chiller (level 4, 30/30 HPs)
             Began as a Demonspawn Ice Elementalist on Dec 20, 2020.
             Quit the game on level 4 of the Dungeon.
             The game lasted 00:01:53 (2042 turns).

gruber the Chiller (Demonspawn Ice Elementalist)    Turns: 2042, Time: 00:01:54

Health: 30/30      AC:  4    Str:  8    XL:     4   Next: 22%
Magic:  9/16       EV: 12    Int: 17    God:
Gold:   47         SH:  0    Dex: 14    Spells: 3/7 levels left

rFire    . . .     SeeInvis .   e - +2 dagger (speed)
rCold    . . .     Gourm    .   (no shield)
rNeg     . . .     Faith    .   a - +0 robe
rPois    .         Spirit   .   (no helmet)
rElec    .         Reflect  .   l - +0 cloak
rCorr    .         Harm     .   (no gloves)
MR       .....                  (no boots)
Stlth    ++........             (no amulet)
HPRegen  0.10/turn              (no ring)
MPRegen  0.15/turn              h - ring of magical power

@: frozen ramparts
A: rugged brown scales 1, rot immunity
a: no special abilities


You were on level 4 of the Dungeon.
You were not hungry.

You visited 1 branch of the dungeon, and saw 3 of its levels.

You collected 47 gold pieces.

Inventory:

Hand Weapons
 e - a +2 dagger of speed (weapon)
Armour
 a - a +0 robe (worn)
 l - a +0 cloak (worn)
Jewellery
 h - a ring of magical power (right hand)
Scrolls
 b - a scroll of fear {unknown}
 d - a scroll of remove curse {unknown}
 g - a scroll of teleportation {unknown}
 i - a scroll of blinking {unknown}
 j - 3 scrolls of identify {unknown}
 p - a scroll of enchant weapon {unknown}
Potions
 f - a potion of mutation {unknown}
 k - a potion of heal wounds {unknown}
 m - a potion of might {unknown}
 o - a potion of flight {unknown}
Comestibles
 c - 3 rations
 n - 3 chunks of flesh


   Skills:
 - Level 1.7 Dodging
 - Level 1.7 Stealth
 - Level 2.0 Spellcasting
 + Level 5.2 Ice Magic


You had 3 spell levels left.
You knew the following spells:

 Your Spells              Type           Power        Failure   Level  Hunger
a - Freeze                Ice            ###.         2%          1    #......
b - Frozen Ramparts       Ice            ###...       7%          3    ###....

Your spell library contained the following spells:

 Spells                   Type           Power        Failure   Level  Hunger
 Ozocubu's Armour         Chrm/Ice       ##......     21%         3    ###....
 Hailstorm                Conj/Ice       ##......     54%         4    #####..
 Summon Ice Beast         Ice/Summ       ##......     54%         4    #####..


Dungeon Overview and Level Annotations

Branches:
Dungeon (2/15)

Altars:


Innate Abilities, Weirdness & Mutations

You are partially covered in rugged brown scales. (AC +1, +3% HP)
You are immune to rotting.


Message History

Aim: a worker ant (severely wounded)
You freeze the worker ant.
You kill the worker ant!
You have reached level 4!
You feel agile.
Your demonic ancestry asserts itself...
You feel immune to rotting.
The frozen ramparts melt away.
The dart slug is too close now for your liking.
A dart slug is nearby!
A dart slug is nearby!
Casting: Freeze (safe; 2% risk of failure)
Confirm with . or Enter, or press ? or * to list all spells.
The spell is quite dangerous to cast (7% risk of failure)!
Continue anyway?
The walls around you are covered in ice.
Unknown command.
Unknown command.
The wall freezes the dart slug.
The wall freezes the dart slug.
You kill the dart slug!
Are you sure you want to abandon this character and quit the game? (Confirm with "yes".)

#########
#.......#
#@# #†#
#.......#
........##.#
w##.##..# #
# #... #.##
#. #.


There were no monsters in sight!

Vanquished Creatures
  A worker ant (D:4)
  An adder (D:2)
  4 worms (D:2)
  3 dart slugs
  A bat (D:2)
  A giant cockroach (D:2)
  2 hobgoblins (D:2)
  7 jackals
  3 kobolds (D:1)
  A ball python (D:2)
  3 frilled lizards (D:2)
  3 goblins
  6 rats
36 creatures vanquished.

Notes
Turn   | Place    | Note
-------+----------+-------------------------------------------
     0 | D:1      | gruber the Demonspawn Ice Elementalist began the quest for
                  | the Orb.
     0 | D:1      | Reached XP level 1. HP: 13/13 MP: 3/3
   146 | D:1      | Reached skill level 4 in Ice Magic
   363 | D:1      | Gained mutation: You are partially covered in rugged brown
                  | scales. (AC +1, +3% HP) [demonic ancestry]
   363 | D:1      | Reached XP level 2. HP: 13/19 MP: 5/5
  1266 | D:2      | Reached XP level 3. HP: 18/24 MP: 6/6
  1721 | D:2      | Learned a level 3 spell: Frozen Ramparts
  1925 | D:2      | Reached skill level 5 in Ice Magic
  2027 | D:2      | You fall into a shaft and drop 2 floors!
  2031 | D:4      | Gained mutation: You are immune to rotting. [demonic
                  | ancestry]
  2031 | D:4      | Reached XP level 4. HP: 29/30 MP: 7/7
  2042 | D:4      | Quit the game

Illustrated notes

Levels and vault maps discovered:
D:1:      dpeg_arrival_water_altar, layout_basic, minmay_heptomino_w4
D:2:      layout_basic, uniq_natasha
D:4:      layout_loops_cross, lemuel_coloured_pillars_altar, first_ration

Skill      XL: |  1  2  3 |
---------------+----------+-----
Ice Magic      | 4 5 |  5.2
Dodging        | |  1.7
Stealth        | |  1.7
Spellcasting   | |  2.0

Action                   |  1- 3 |  4- 6 || total
-------------------------+-------+-------++-------
Melee: Dagger            |   112 |       ||   112
       Unarmed           |     1 |       ||     1
 Cast: Freeze            |    25 |     1 ||    26
       Frozen Ramparts   |     2 |     1 ||     3
  Eat: Chunk             |     4 |       ||     4
Armor: Robe              |    19 |       ||    19
Dodge: Dodged            |    51 |       ||    51
